 Dungeon Crawl Stone Soup version 0.23.2 (webtiles) character file.

Game seed: 12026356388973915508

67 AngleWyrm the Firebug (level 4, -3/24 HPs)
             Began as a Deep Elf Fire Elementalist on Apr 20, 2019.
             Slain by a worm (4 damage)
             ... on level 2 of the Dungeon.
             The game lasted 00:23:48 (1682 turns).

AngleWyrm the Firebug (Deep Elf Fire Elementalist)  Turns: 1682, Time: 00:23:49

Health: -3/24      AC:  2    Str:  6    XL:     4   Next: 0%
Magic:  5/11       EV: 13    Int: 20    God:
Gold:   52         SH:  0    Dex: 15    Spells: 4/10 levels left

rFire    . . .     SeeInvis .   j - +0 short sword
rCold    . . .     Gourm    .   (no shield)
rNeg     . . .     Faith    .   a - +0 robe
rPois    .         Spirit   .   (no helmet)
rElec    .         Reflect  .   (no cloak)
rCorr    .         Harm     .   (no gloves)
MR       .....                  (no boots)
Stlth    ++........             (no amulet)
HPRegen  0.08/turn              (no ring)
MPRegen  0.12/turn              (no ring)

@: no status effects
A: no striking features
a: no special abilities


You were on level 2 of the Dungeon.
You were not hungry.

You visited 1 branch of the dungeon, and saw 2 of its levels.

You collected 52 gold pieces.

Inventory:

Hand Weapons
 b - a +0 dagger
 e - a +1 hunting sling of flaming
 j - a +0 short sword (weapon)
Missiles
 d - 74 stones (quivered)
Armour
 a - a +0 robe (worn)
Scrolls
 h - a scroll of amnesia {unknown}
Potions
 f - 2 potions of mutation {unknown}
 i - a potion of heal wounds {unknown}
 k - a potion of resistance {unknown}
Comestibles
 c - 2 rations
 g - a chunk of flesh


   Skills:
 + Level 0.1 Fighting
 * Level 1.2 Short Blades
 - Level 0.4 Slings
 + Level 2.6 Dodging
 + Level 2.6 Stealth
 + Level 3.5 Spellcasting
 + Level 1.6 Conjurations
 + Level 4.2 Fire Magic


You had 4 spell levels left.
You knew the following spells:

 Your Spells              Type           Power        Failure   Level  Hunger
a - Flame Tongue          Conj/Fire      ###..        4%          1    None
b - Throw Flame           Conj/Fire      ###...       6%          2    ##.....
c - Conjure Flame         Conj/Fire      ###.....     12%         3    ###....

Your spell library contained the following spells:

 Spells                   Type           Power        Failure   Level  Hunger
 Inner Flame              Hex/Fire       ##......     17%         3    ###....
 Sticky Flame             Conj/Fire      ###.....     36%         4    ####...
 Fireball                 Conj/Fire      ###.......   73%         5    ######.


Dungeon Overview and Level Annotations

Branches:
Dungeon (2/15)

Altars:


Message History

The worm is moderately wounded.
The worm bites you!
You hit the worm.
The worm is heavily wounded.
The worm bites you.
You hit the worm but do no damage.
The worm is heavily wounded.
You barely miss the worm.
The worm is heavily wounded.
The worm bites you!
* * * LOW HITPOINT WARNING * * *
Casting: Throw Flame (safe; 6% risk of failure)
Confirm with . or Enter, or press ? or * to list all spells.
Aiming: Throw Flame (safe; 6% risk of failure)
Press: ? - help, Shift-Dir - straight line, f/p - worm
Aim: a worm (moderately wounded)
The puff of flame hits the worm!
The worm is severely wounded.
The worm bites you.
You die...

#### #........ ##.)..
####.#### ####.....#
#.# ...#.#..### #.#
##..........######
#.#
##..#..#.........#
#.# #..## ##
........##### #####.#
#.##
...........(###.....#
..#
.......@###.....#####
###..#
.$......w..##..##
....#
####.#####.###.##
...## # #......#
##..# #........# #.#
#...###.#...# .#
....## #.##..... .
##.# ..# ...... # #.
..## ......


You could see a worm.

Vanquished Creatures
  2 adders (D:2)
  A worm (D:2)
  2 dart slugs (D:1)
  3 leopard geckos
  4 bats (D:1)
  2 giant cockroaches
  3 goblins
  8 hobgoblins
  A frilled lizard (D:1)
  9 kobolds
  5 rats (D:1)
40 creatures vanquished.

Notes
Turn   | Place    | Note
-------+----------+-------------------------------------------
     0 | D:1      | AngleWyrm the Deep Elf Fire Elementalist began the quest
                  | for the Orb.
     0 | D:1      | Reached XP level 1. HP: 10/10 MP: 6/6
   209 | D:1      | Reached XP level 2. HP: 15/15 MP: 4/8
   680 | D:1      | Reached skill level 4 in Fire Magic
   745 | D:1      | Learned a level 2 spell: Throw Flame
   842 | D:1      | Reached XP level 3. HP: 15/19 MP: 0/9
  1263 | D:1      | Learned a level 3 spell: Conjure Flame
  1380 | D:2      | Reached skill level 1 in Short Blades
  1671 | D:2      | Reached XP level 4. HP: 24/24 MP: 8/11
  1681 | D:2      | HP: 1/24 [worm (10)]
  1682 | D:2      | Slain by a worm

Skill      XL: |  1  2  3 |
---------------+----------+-----
Fire Magic     | 4 |  4.2
Short Blades   | 1 |  1.2
Fighting       | |  0.1
Slings         | |  0.4
Dodging        | |  2.6
Stealth        | |  2.6
Spellcasting   | |  3.5
Conjurations   | |  1.6

Action                   |  1- 3 |  4- 6 || total
-------------------------+-------+-------++-------
Melee: Dagger            |    42 |       ||    42
       Short sword       |    20 |     6 ||    26
 Fire: Hunting sling     |    14 |       ||    14
Throw: Stone             |     6 |       ||     6
 Cast: Flame Tongue      |    37 |       ||    37
       Throw Flame       |    16 |     3 ||    19
  Use: Scroll            |     1 |       ||     1
  Eat: Chunk             |     2 |       ||     2
       Ration            |     1 |       ||     1
Armor: Robe              |    11 |     1 ||    12
Dodge: Dodged            |    49 |       ||    49
